 Dungeon Crawl Stone Soup version 0.23-a0-622-g59b4ea9 (webtiles) character file.

66 Leeroy the Slasher (level 4, -1/35 HPs)
             Began as a Barachi Skald on Dec 23, 2018.
             Was an Initiate of Cheibriados.
             Slain by an ogre
             ... wielding a +0 giant club
              (18 damage)
             ... on level 6 of the Dungeon.
             The game lasted 00:10:07 (1705 turns).

Leeroy the Slasher (Barachi Skald)                  Turns: 1705, Time: 00:10:08

Health: -1/35      AC:  3    Str: 13    XL:     4   Next: 15%
Magic:  5/7        EV: 12    Int: 16    God:    Cheibriados [......]
Gold:   62         SH:  0    Dex: 12    Spells: 1/7 levels left

rFire    . . .     SeeInvis .   a - +0 falchion
rCold    . . .     Gourm    .   (no shield)
rNeg     . . .     Faith    .   b - +0 leather armour
rPois    .         Spirit   .   (no helmet)
rElec    .         Reflect  .   (no cloak)
rCorr    .         Harm     .   (no gloves)
MR       .....                  (no boots)
Stlth    +.........             k - amulet of rage
HPRegen  0.11/turn              (no ring)
MPRegen  0.10/turn              (no ring)

@: can't hop, very slow
A: +LOS, swims, slowness 1, strong legs 1
a: Hop, Bend Time, Renounce Religion, Evoke Berserk Rage


You were on level 6 of the Dungeon.
You worshipped Cheibriados.
Cheibriados was noncommittal.
You were not hungry.

You visited 1 branch of the dungeon, and saw 5 of its levels.

You collected 62 gold pieces.

Inventory:

Hand Weapons
 a - a +0 falchion (weapon)
 c - a +0 hunting sling
 f - a +0 whip
 h - a +0 dagger
 r - a +0 rapier
Missiles
 e - 81 stones (quivered)
 j - 8 arrows
Armour
 b - a +0 leather armour (worn)
 g - a +0 scale mail
 l - a +0 large shield
 n - a +0 ring mail
Jewellery
 k - an amulet of rage (around neck)
 s - an uncursed amulet of the acrobat
Scrolls
 m - a scroll of remove curse {unknown}
 p - a scroll of amnesia {unknown}
 q - a scroll of identify
Potions
 i - a potion of flight {unknown}
 o - a potion of ambrosia {unknown}
 t - a potion of curing
Comestibles
 d - 4 rations


   Skills:
 + Level 3.0 Fighting
 * Level 4.1 Long Blades
 + Level 2.3 Armour
 - Level 2.1 Dodging
 - Level 0.2 Stealth
 - Level 2.1 Spellcasting
 * Level 3.5 Charms


You had one spell level left.
You knew the following spells:

 Your Spells              Type           Power        Failure   Level  Hunger
a - Infusion              Chrm           ##..         6%          1    #......
b - Shroud of Golubria    Chrm/Tloc      #.........   19%         2    ###....
c - Spectral Weapon       Hex/Chrm       #.......     36%         3    ###....

Your spell library contained the following spells:

 Spells                   Type           Power        Failure   Level  Hunger
 Song of Slaying          Chrm           ##......     10%         2    ###....
 Regeneration             Chrm/Necr      #.........   36%         3    ###....


Dungeon Overview and Level Annotations

Branches:
Dungeon (6/15)
 Temple: D:4-7

Altars:
Cheibriados

Annotations:
D:6 Edmund


Innate Abilities, Weirdness & Mutations

Shadows flee at your approach. (+LOS)
You can swim through water.
You cover ground slowly.
You can hop short distances.


Message History

Here: an ogre, wielding a +0 giant club The floor.
Your movement speed is very slow.
Your attack speed is average.
Your base attributes are Str 12, Int 15, Dex 11.
Your movement speed is very slow.
Your attack speed is average.
Your base attributes are Str 12, Int 15, Dex 11.
Hop to where?
Press: ? - help, Dir - move target cursor Boing!
Found a ration.
The orc wizard mumbles some strange words.
The orc wizard seems to speed up.
The hound skeleton closely misses you. The hound skeleton barely misses you.
You see here a ration.
d - 4 rations (gained 1)
The hound skeleton barely misses you. Edmund closely misses you.
The hound skeleton closely misses you.
The ogre hits you with a +0 giant club!!
Ouch! That really hurt!
You die...

.. #..... ##.......
.. ....######.##... .
.....#.#..##... #.
#...o.......... #..
###.......o.....)
..###....o###........
##.#......o..........
#....@..o............
#...@Z...............
#....O.............##
#..............#..##
###...............#
#..........##....
#........#### ...
#.......## ..
##....... . ##.....##


You could see Edmund, an orc warrior, an ogre, an orc wizard, 2 orcs and a hound
skeleton.

Vanquished Creatures
  A gnoll (D:2)
  An adder (D:2)
  A worm (D:2)
  A leopard gecko (D:1)
  5 hobgoblins
  6 jackals
  A quokka (D:3)
  6 bats
  5 frilled lizards
  2 goblins (D:1)
  6 kobolds
  9 rats
44 creatures vanquished.

Notes
Turn   | Place    | Note
-------+----------+-------------------------------------------
     0 | D:1      | Leeroy the Barachi Skald began the quest for the Orb.
     0 | D:1      | Reached XP level 1. HP: 17/17 MP: 3/3
    78 | D:1      | Reached XP level 2. HP: 15/23 MP: 5/5
    82 | D:1      | Learned a level 2 spell: Shroud of Golubria
   110 | D:1      | Reached skill level 3 in Long Blades
   502 | D:1      | Reached XP level 3. HP: 26/28 MP: 6/6
   507 | D:1      | Learned a level 3 spell: Spectral Weapon
  1256 | D:2      | Found a snail-covered altar of Cheibriados.
  1265 | D:2      | Became a worshipper of Cheibriados the Contemplative
  1337 | D:3      | Reached skill level 4 in Long Blades
  1337 | D:3      | Reached XP level 4. HP: 14/34 MP: 2/7
  1683 | D:3      | You fall through a shaft for 3 floors!
  1683 | D:6      | Noticed Edmund
  1685 | D:6      | Noticed an orc warrior
  1686 | D:5      | Entered Level 5 of the Dungeon
  1692 | D:6      | Noticed an ogre
  1705 | D:6      | Slain by an ogre

Vault maps used:
D:1:      dpeg_arrival_round_c
D:2:      tgw_trog, cheibriados_altar_1, makhleb_grotto_becter,
          grunt_decor_mini_mirrors
D:5:      first_ration, uniq_sigmund
D:6:      ebering_ghost_sewer_d, serial_shops, nicolae_shop_waterfront,
          uniq_edmund

Skill      XL: |  1  2  3  4 |
---------------+-------------+-----
Long Blades    | 3 4 |  4.1
Armour         | 2 |  2.3
Fighting       | 3 |  3.0
Dodging        | |  2.1
Stealth        | |  0.2
Spellcasting   | |  2.1
Charms         | |  3.5

Action                   |  1- 3 |  4- 6 || total
-------------------------+-------+-------++-------
Melee: Falchion          |   116 |    33 ||   149
Throw: Stone             |     8 |       ||     8
 Cast: Shroud of Golubri |     2 |     1 ||     3
       Spectral Weapon   |     1 |       ||     1
Invok: Bend Time         |       |     1 ||     1
 Abil: Hop               |       |     1 ||     1
  Use: Scroll            |     1 |     1 ||     2
       Potion            |     2 |       ||     2
  Eat: Chunk             |     2 |     2 ||     4
Armor: Leather armour    |    37 |     6 ||    43
Dodge: Dodged            |   100 |    32 ||   132
       Rpst.: Falchion   |    32 |     6 ||    38

Table legend:
 A = Non-vault XP
 B = Vault XP
 C = Vault XP percentage of total XP
 D = Non-vault monster count
 E = Vault monster count
 F = Vault count percentage of total count
                 A         B        C        D         E       F
            +---------+---------+-------+---------+---------+-------
      Total |      95 |       0 |   0.0 |      44 |       0 |   0.0
            +---------+---------+-------+---------+---------+-------
        D:1 |      40 |       0 |   0.0 |      28 |       0 |   0.0
        D:2 |      36 |       0 |   0.0 |       5 |       0 |   0.0
        D:3 |      19 |       0 |   0.0 |      11 |       0 |   0.0
            +---------+---------+-------+---------+---------+-------
